Map: [ESL] Hard Lead

Players

sOs

  • Race: Protoss Protoss
  • League: Master
  • Spawn Location: 5:00

Firefly - Winner!

  • Race: Protoss Protoss
  • Spawn Location: 11:00

Event: IEM Katowice 2024

VOD

Have the link to the VOD?

Description

Time

  • Played on: Dec. 6, 2023, 5:48 a.m.
  • Length: 10:53

All games in this series

Show
View Real Time Build Order
Export as new Build Order

sOs Protoss 

Build Orders: Oracle Opening 

Get SALT Encoding   

  12  0:00  Probe  
  13  0:12  Probe  
  14  0:16  Pylon  
  14  0:24  Probe (Chrono Boost)  
  16  0:36  Probe (Chrono Boost)  
  16  0:38  Gateway  
  16  0:43  Probe (Chrono Boost)  
  16  0:45  Assimilator  
  17  0:51  Probe  
  17  0:56  Assimilator  
  18  1:03  Probe (Chrono Boost)  
  19  1:07  Gateway  
  20  1:12  Probe (Chrono Boost)  
  20  1:17  Probe (Chrono Boost)  
  20  1:24  Cybernetics Core  
  21  1:29  Probe  
  22  1:35  Pylon  
  22  1:41  Probe  
  23  1:53  Probe  
  26  2:01  Stalker  
  26  2:03  Warp Gate  
  26  2:07  Pylon  
  26  2:08  Sentry  
  28  2:21  Pylon  
  28  2:33  Stalker  
  30  2:43  Stargate  
  30  2:51  Nexus  
  30  2:59  Shield Battery  
  30  3:06  Stalker  
  30  3:09  Probe  
  33  3:25  Oracle (Chrono Boost)  
  33  3:28  Shield Battery  
  33  3:31  Shield Battery  
  36  3:37  Pylon  
  36  3:39  Shield Battery  
  40  3:58  Void Ray (Chrono Boost)  
  40  4:08  Shield Battery  
  40  4:11  Adept  
  40  4:12  Adept  
  40  4:14  Probe  
  42  4:35  Void Ray (Chrono Boost)  
  42  4:37  Probe  
  47  4:39  Probe  
  48  4:56  Probe x2  
  48  4:57  Sentry  
  52  5:07  Zealot  
  52  5:10  Shield Battery  
  52  5:24  Probe  
  55  5:29  Void Ray  
  55  5:43  Probe  
  55  5:44  Probe  
  57  5:50  Zealot x2  
  55  6:07  Probe x2  
  55  6:15  Zealot x2  
  57  6:20  Pylon  
  57  6:32  Void Ray (Chrono Boost)  
  53  6:39  Zealot  
  53  6:40  Zealot  
  55  6:50  Shield Battery  
  40  7:03  Stalker  
  40  7:05  Void Ray (Chrono Boost)  
  38  7:25  Sentry  
  40  7:41  Pylon  
  40  7:49  Shield Battery  
  40  7:57  Pylon  
  44  8:05  Void Ray  
  44  8:08  Robotics Facility  
  42  8:18  Zealot  
  42  8:42  Oracle  
  45  8:51  Probe  
  45  8:52  Gateway  
  46  8:59  Warp Prism (Chrono Boost)  
  48  9:04  Probe  
  49  9:16  Probe  
  50  9:28  Observer  
  50  9:29  Nexus  
  51  9:32  Pylon  
  51  9:35  Probe (Chrono Boost)  
  52  9:45  Probe (Chrono Boost)  
  53  9:58  Immortal  
  57  10:06  Observer  
  57  10:12  Shield Battery  
  57  10:16  Probe (Chrono Boost)  
  57  10:20  Sentry  
  61  10:28  Probe (Chrono Boost)  
  61  10:33  Shield Battery  
Show
View Real Time Build Order
Export as new Build Order

Firefly Protoss - Winner!

Build Orders:  

Get SALT Encoding   

  12  0:00  Probe  
  13  0:12  Probe  
  14  0:17  Pylon  
  14  0:24  Probe  
  15  0:36  Gateway  
  15  0:37  Probe (Chrono Boost)  
  16  0:46  Assimilator, Probe (Chrono Boost)  
  17  0:51  Probe (Chrono Boost)  
  18  1:03  Probe (Chrono Boost)  
  19  1:04  Assimilator  
  19  1:09  Gateway  
  19  1:12  Probe (Chrono Boost)  
  19  1:17  Probe (Chrono Boost)  
  20  1:25  Cybernetics Core  
  21  1:31  Probe  
  22  1:36  Pylon  
  22  1:43  Probe  
  23  1:55  Probe  
  24  2:01  Adept x2  
  24  2:02  Warp Gate  
  24  2:07  Pylon  
  28  2:19  Robotics Facility  
  28  2:31  Stalker x2  
  32  2:58  Pylon  
  32  3:02  Warp Prism (Chrono Boost)  
  32  3:03  Sentry  
  34  3:10  Gateway  
  36  3:29  Immortal (Chrono Boost)  
  40  3:41  Pylon  
  40  3:47  Shield Battery  
  40  3:59  Adept x2  
  44  4:05  Adept  
  46  4:24  Stalker x2  
  50  4:35  Pylon  
  50  4:37  Stalker  
  52  4:52  Stalker  
  54  4:54  Stalker  
  56  5:08  Pylon  
  56  5:17  Stalker x3  
  56  5:43  Stalker  
  56  5:44  Stalker x2  
  52  6:12  Stalker  
  52  6:13  Stalker x2  
  48  6:40  Stalker x3  
  46  7:03  Stalker x2  
  46  7:04  Stalker  
  48  7:29  Stalker  
  50  7:32  Stalker x2  
  53  7:54  Nexus  
  53  8:20  Probe (Chrono Boost)  
  53  8:21  Shield Battery  
  52  8:30  Twilight Council  
  52  8:32  Probe (Chrono Boost)  
  53  8:35  Stalker x2  
  53  8:37  Sentry  
  53  8:40  Probe (Chrono Boost)  
  60  8:47  Probe (Chrono Boost)  
  60  8:48  Observer  
  62  9:02  Probe (Chrono Boost)  
  63  9:07  Probe (Chrono Boost)  
  63  9:09  Probe  
  65  9:20  Observer  
  66  9:32  Sentry  
  66  9:35  Probe x2  
  66  9:36  Assimilator  
  70  9:44  Stalker  
  70  9:45  Stalker  
  74  9:47  Probe  
  74  9:50  Pylon  
  74  10:08  Stalker x2  
  74  10:13  Probe  
  74  10:14  Probe  
  75  10:25  Stalker  
  67  10:44  Stalker x2  
  69  10:50  Stalker  

Tags
 
Add a new tag
Caveats
  • Supply blocks, unpowered buildings, or Contaminate may cause inaccurate times.
  • Supply counts are checked every 10 seconds.